 Dungeon Crawl Stone Soup version 0.23-a0-666-g28d4f2f0af (webtiles) character file.

126 Adamkad1 the Stinger (level 5, -2/37 HPs)
             Began as a Gnoll Venom Mage on Jan 8, 2019.
             Slain by a bullfrog skeleton (5 damage)
             ... on level 4 of the Dungeon.
             The game lasted 00:05:06 (2340 turns).

Adamkad1 the Stinger (Gnoll Venom Mage)             Turns: 2340, Time: 00:05:06

Health: -2/37      AC:  2    Str: 11    XL:     5   Next: 10%
Magic:  12/12      EV: 15    Int: 18    God:
Gold:   103        SH:  0    Dex: 15    Spells: 4/14 levels left

rFire    . . .     SeeInvis .     - Unarmed
rCold    . . .     Gourm    .   (no shield)
rNeg     . . .     Faith    .   a - +0 robe
rPois    .         Spirit   .   (no helmet)
rElec    .         Reflect  .   (no cloak)
rCorr    .         Harm     .   (no gloves)
MR       .....                  (no boots)
Stlth    +++.......             (no amulet)
HPRegen  0.12/turn              (no ring)
MPRegen  0.13/turn              (no ring)

@: no status effects
A: distributed training, fangs 1, strong nose
a: no special abilities


You were on level 4 of the Dungeon.
You were not hungry.

You visited 1 branch of the dungeon, and saw 4 of its levels.

You collected 103 gold pieces.

Inventory:

Armour
 a - a +0 robe (worn)
Jewellery
 n - a cursed +1 ring of evasion {unknown}
Wands
 q - a wand of clouds (1)
Scrolls
 b - a scroll of remove curse {unknown}
 f - a scroll of identify {unknown}
 g - 2 scrolls of fear {unknown}
 h - 3 scrolls of random uselessness {unknown}
 j - a scroll of enchant armour {unknown}
 m - a scroll of blinking {unknown}
 o - 2 scrolls of teleportation {unknown}
Potions
 e - 2 potions of haste
 i - a potion of might {unknown}
 k - a potion of invisibility {unknown}
 l - 2 potions of degeneration {unknown}
 p - a potion of curing {unknown}
Comestibles
 c - 8 rations


   Skills:
 + Level 1.3 Fighting
 + Level 1.3 Short Blades
 + Level 1.3 Long Blades
 + Level 1.3 Axes
 + Level 1.3 Maces & Flails
 + Level 1.3 Polearms
 + Level 1.3 Staves
 + Level 1.3 Slings
 + Level 1.3 Bows
 + Level 1.3 Crossbows
 + Level 1.3 Throwing
 + Level 1.3 Armour
 + Level 4.7 Dodging
 + Level 4.3 Stealth
 + Level 1.3 Shields
 + Level 1.3 Unarmed Combat
 + Level 5.1 Spellcasting
 + Level 2.3 Conjurations
 + Level 1.0 Hexes
 + Level 1.0 Charms
 + Level 1.0 Summonings
 + Level 1.0 Necromancy
 + Level 1.0 Translocations
 + Level 1.0 Transmutations
 + Level 1.0 Fire Magic
 + Level 1.0 Ice Magic
 + Level 1.0 Air Magic
 + Level 1.0 Earth Magic
 + Level 5.5 Poison Magic
 + Level 1.4 Invocations
 + Level 1.3 Evocations


You had 4 spell levels left.
You knew the following spells:

 Your Spells              Type           Power        Failure   Level  Hunger
a - Sting                 Conj/Pois      ###.         2%          1    None
b - Poisonous Vapours     Pois/Air       ###...       4%          2    #......
c - Mephitic Cloud        Conj/Pois/Air  ###.....     12%         3    ##.....
d - Olgreb's Toxic Radia  Pois           ###.....     14%         4    ####...

Your spell library contained the following spells:

 Spells                   Type           Power        Failure   Level  Hunger
 Venom Bolt               Conj/Pois      ###.......   58%         5    ######.


Dungeon Overview and Level Annotations

Branches:
Dungeon (4/15)
 Temple: D:4-7

Altars:
Hepliaklqana

Annotations:
D:4 Menkaure


Innate Abilities, Weirdness & Mutations

Your experience applies equally to all skills.
You have very sharp teeth.
Your uncanny sense of smell can sniff out nearby items.


Message History

Menkaure calls on the powers of darkness!
Your body is wracked with pain!
Menkaure calls on the powers of darkness!
Your body is wracked with pain!
* * * LOW HITPOINT WARNING * * *
The bullfrog skeleton hits you.
* * * LOW HITPOINT WARNING * * *
Menkaure whispers a few words.
The bullfrog skeleton closely misses you.
The bullfrog skeleton closely misses you.
You open the door. The bullfrog skeleton hits you.
* * * LOW HITPOINT WARNING * * *
The bullfrog skeleton barely misses you.
Found a stone staircase leading up.
There is an open door here.
The bullfrog skeleton closely misses you.
The bullfrog skeleton barely misses you.
There is a stone staircase leading up here.
The bullfrog skeleton hits you.
You die...

......# ......#
+......# ......#
#......# .####+#
#......#
.##...##...#......#
..#.......##......#
M.#.#.#.#..#......+
..#........+......#
..#.#.#.#..#....@.#
.##........#...MZ.#
.#..#.#.#..#......#
.W........##......#
.##....#...#......#
.#######...#W.....#
## #..M.'......#
######......#
.......#


You could see a phantom, Menkaure and a bullfrog skeleton.

Vanquished Creatures
  Ijyb (D:3)
  4 adders
  2 oozes (D:1)
  A worm (D:3)
  A leopard gecko (D:3)
  3 bats
  9 giant cockroaches
  6 goblins
  7 hobgoblins
  3 jackals (D:1)
  A frilled lizard (D:3)
  7 kobolds
  6 rats
51 creatures vanquished.

Notes
Turn   | Place    | Note
-------+----------+-------------------------------------------
     0 | D:1      | Adamkad1 the Gnoll Venom Mage began the quest for the Orb.
     0 | D:1      | Reached XP level 1. HP: 13/13 MP: 6/6
     1 | D:1      | Found a runed door.
   187 | D:1      | Reached XP level 2. HP: 18/19 MP: 3/7
   612 | D:1      | Reached XP level 3. HP: 24/25 MP: 0/9
   657 | D:1      | Reached skill level 5 in Spellcasting
   991 | D:1      | Reached skill level 1 in Invocations
  1259 | D:2      | Learned a level 2 spell: Poisonous Vapours
  1263 | D:2      | Learned a level 3 spell: Mephitic Cloud
  1277 | D:2      | Reached skill level 1 in Fighting
  1277 | D:2      | Reached skill level 1 in Short Blades
  1277 | D:2      | Reached skill level 1 in Long Blades
  1277 | D:2      | Reached skill level 1 in Axes
  1277 | D:2      | Reached skill level 1 in Maces & Flails
  1277 | D:2      | Reached skill level 1 in Polearms
  1277 | D:2      | Reached skill level 1 in Staves
  1277 | D:2      | Reached skill level 1 in Slings
  1277 | D:2      | Reached skill level 1 in Bows
  1277 | D:2      | Reached skill level 1 in Crossbows
  1277 | D:2      | Reached skill level 1 in Throwing
  1277 | D:2      | Reached skill level 1 in Armour
  1277 | D:2      | Reached skill level 1 in Shields
  1277 | D:2      | Reached skill level 1 in Unarmed Combat
  1277 | D:2      | Reached skill level 1 in Evocations
  1317 | D:2      | Reached XP level 4. HP: 32/32 MP: 0/11
  1853 | D:3      | Reached skill level 1 in Hexes
  1853 | D:3      | Reached skill level 1 in Charms
  1853 | D:3      | Reached skill level 1 in Summonings
  1853 | D:3      | Reached skill level 1 in Necromancy
  1853 | D:3      | Reached skill level 1 in Translocations
  1853 | D:3      | Reached skill level 1 in Transmutations
  1853 | D:3      | Reached skill level 1 in Fire Magic
  1853 | D:3      | Reached skill level 1 in Ice Magic
  1853 | D:3      | Reached skill level 1 in Air Magic
  1853 | D:3      | Reached skill level 1 in Earth Magic
  2003 | D:3      | Learned a level 4 spell: Olgreb's Toxic Radiance
  2092 | D:3      | Noticed Ijyb
  2112 | D:3      | Killed Ijyb
  2112 | D:3      | Reached XP level 5. HP: 37/37 MP: 7/12
  2176 | D:3      | Found a hazy altar of Hepliaklqana.
  2287 | D:3      | You fall through a shaft!
  2288 | D:4      | Noticed a phantom
  2293 | D:4      | Noticed Menkaure
  2340 | D:4      | Slain by a bullfrog skeleton

Vault maps used:
D:1:      dpeg_arrival_caged_fury
D:2:      first_ration
D:3:      lemuel_crystal_altar, uniq_ijyb
D:4:      fedhas_ov_isle_minmay, serial_glass, glass_columns_a, glass_columns_b,
          glass_columns_b, glass_columns_b, glass_columns_c, glass_columns_c,
          glass_columns_b, glass_columns_a, uniq_menkaure

Skill      XL: |  1  2  3  4 |
---------------+-------------+-----
Conjurations   | 2 |  2.3
Spellcasting   | 5 |  5.1
Invocations    | 1 |  1.4
Fighting       | 1 |  1.3
Short Blades   | 1 |  1.3
Long Blades    | 1 |  1.3
Axes           | 1 |  1.3
Maces & Flails | 1 |  1.3
Polearms       | 1 |  1.3
Staves         | 1 |  1.3
Slings         | 1 |  1.3
Bows           | 1 |  1.3
Crossbows      | 1 |  1.3
Throwing       | 1 |  1.3
Armour         | 1 |  1.3
Shields        | 1 |  1.3
Unarmed Combat | 1 |  1.3
Evocations     | 1 |  1.3
Hexes          | 1 |  1.0
Charms         | 1 |  1.0
Summonings     | 1 |  1.0
Necromancy     | 1 |  1.0
Translocations | 1 |  1.0
Transmutations | 1 |  1.0
Fire Magic     | 1 |  1.0
Ice Magic      | 1 |  1.0
Air Magic      | 1 |  1.0
Earth Magic    | 1 |  1.0
Dodging        | |  4.7
Stealth        | |  4.3
Poison Magic   | |  5.5

Action                   |  1- 3 |  4- 6 || total
-------------------------+-------+-------++-------
Melee: Unarmed           |    19 |       ||    19
 Cast: Sting             |    58 |     1 ||    59
       Poisonous Vapours |     4 |    20 ||    24
  Use: Potion            |     2 |       ||     2
  Eat: Chunk             |     1 |     3 ||     4
Armor: Robe              |    20 |     2 ||    22
Dodge: Dodged            |    67 |    21 ||    88

Table legend:
 A = Non-vault XP
 B = Vault XP
 C = Vault XP percentage of total XP
 D = Non-vault monster count
 E = Vault monster count
 F = Vault count percentage of total count
                 A         B        C        D         E       F
            +---------+---------+-------+---------+---------+-------
      Total |     123 |      58 |  32.0 |      41 |      10 |  19.6
            +---------+---------+-------+---------+---------+-------
        D:1 |      42 |      22 |  34.4 |      15 |       9 |  37.5
        D:2 |      56 |       0 |   0.0 |      20 |       0 |   0.0
        D:3 |      25 |      36 |  59.0 |       6 |       1 |  14.3
            +---------+---------+-------+---------+---------+-------
